 Dungeon Crawl Stone Soup version 0.25-a0-869-g05d4e06a41 (webtiles) character file.

Game seed: 1556108170848239284, levelgen mode: deterministic

61 kae the Insei (level 3, -2/26 HPs)
             Began as a Demonspawn Transmuter on Apr 29, 2020.
             Slain by an adder (4 damage)
             ... on level 2 of the Dungeon on Apr 30, 2020.
             The game lasted 00:04:14 (1981 turns).

kae the Insei (Demonspawn Transmuter)               Turns: 1981, Time: 00:04:15

Health: -2/26      AC:  2    Str: 10    XL:     3   Next: 83%
Magic:  6/6        EV: 12    Int: 15    God:
Gold:   120        SH:  0    Dex: 13    Spells: 1/7 levels left

rFire    + . .     SeeInvis .   f - +0 whip
rCold    . . .     Gourm    .   (no shield)
rNeg     . . .     Faith    .   b - +0 robe
rPois    .         Spirit   .   (no helmet)
rElec    .         Reflect  .   (no cloak)
rCorr    .         Harm     .   (no gloves)
MR       .....                  (no boots)
Stlth    +.........             j - amulet of magic regeneration
HPRegen  0.08/turn              i - ring of protection from fire (curse)
MPRegen  0.35/turn              (no ring)

@: lethally poisoned (-2 -> -8)
A: powered by pain 1
a: no special abilities


You were on level 2 of the Dungeon.
You were hungry.

You visited 1 branch of the dungeon, and saw 2 of its levels.

You collected 120 gold pieces.

Inventory:

Hand Weapons
 f - a +0 whip (weapon)
Missiles
 a - 34 arrows
Armour
 b - a +0 robe (worn)
Jewellery
 i - a cursed ring of protection from fire (left hand)
 j - an amulet of magic regeneration (around neck)
 l - an uncursed ring of protection from fire
Scrolls
 c - a scroll of identify {unknown}
 e - 2 scrolls of noise {unknown}
 g - a scroll of remove curse {unknown}
 h - a scroll of random uselessness {unknown}
Potions
 k - a potion of curing {unknown}
Comestibles
 d - 3 rations
 m - a chunk of flesh


   Skills:
 - Level 1.0 Fighting
 - Level 1.7 Dodging
 * Level 3.6 Unarmed Combat
 + Level 2.6 Spellcasting
 + Level 2.3 Transmutations


You had one spell level left.
You knew the following spells:

 Your Spells              Type           Power        Failure   Level  Hunger
a - Beastly Appendage     Tmut           #.....       8%          1    #......
b - Sticks to Snakes      Tmut           #.......     12%         2    ###....
c - Spider Form           Tmut/Pois      #.........   36%         3    ###....

Your spell library contained the following spells:

 Spells                   Type           Power        Failure   Level  Hunger
 Ice Form                 Ice/Tmut       #.......     77%         4    #####..
 Blade Hands              Tmut           #.........   91%         5    ######.


Dungeon Overview and Level Annotations

Branches:
Dungeon (2/15)

Altars:


Innate Abilities, Weirdness & Mutations

You sometimes gain a little power by taking damage.


Message History

You miss the adder.
The adder is severely wounded.
* * * LOW HITPOINT WARNING * * *
You feel sick. The adder bites you.
* * * LOW HITPOINT WARNING * * *
You barely miss the adder. Your headbutt misses the adder.
The adder is severely wounded.
The adder closely misses you. The adder bites you but does no damage.
You are feeling hungry.
You closely miss the adder.
You headbutt the adder, but do no damage.
The adder is severely wounded.
Your horns disappear.
* * * LOW HITPOINT WARNING * * *
You feel sick. The adder barely misses you.
You closely miss the adder.
The adder is severely wounded.
* * * LOW HITPOINT WARNING * * *
You feel sick. The adder bites you.
You die...

...............#####..#
#####.#.................
....#.#..รท)............#
##).#.#.................
##.................#.<.#
###..##..#.###.#........
# #..##.(#.###.#...#...#
# #..##.................
# #..##..#.###.#@......#
...##..#.# #.#S.....##
........#.# #.#...####
.#..##.## #.#...# ...##.#
#.....# ....... ####..##
%.#


You could see an adder.

Vanquished Creatures
  2 gnolls
  An ooze (D:1)
  A worm (D:2)
  4 bats
  A giant cockroach (D:1)
  5 goblins
  4 hobgoblins
  5 kobolds
  2 frilled lizards
  3 rats (D:1)
28 creatures vanquished.

Vanquished Creatures (collateral kills)
  A gnoll (D:1)
1 creature vanquished.

Grand Total: 29 creatures vanquished

Notes
Turn   | Place    | Note
-------+----------+-------------------------------------------
     0 | D:1      | kae the Demonspawn Transmuter began the quest for the Orb.
     0 | D:1      | Reached XP level 1. HP: 15/15 MP: 3/3
   216 | D:1      | Reached skill level 3 in Unarmed Combat
   216 | D:1      | Gained mutation: You sometimes gain a little power by
                  | taking damage. [demonic ancestry]
   216 | D:1      | Reached XP level 2. HP: 6/21 MP: 3/5
   458 | D:1      | Learned a level 2 spell: Sticks to Snakes
  1161 | D:2      | HP: 1/21 [gnoll/+0 whip (4)]
  1170 | D:1      | Reached XP level 3. HP: 2/26 MP: 6/6
  1615 | D:1      | Learned a level 3 spell: Spider Form
  1751 | D:1      | Upgraded the game from 0.25-a0-861-g340c9e8194 to
                  | 0.25-a0-869-g05d4e06a41
  1981 | D:2      | Slain by an adder

Levels and vault maps discovered:
D:1:      psy_arrival_dodecagon, layout_loops_ring, serial_bayou_crossing
D:2:      layout_basic, old_standard_altar, doesnt_xom_only_xom, uniq_natasha

Skill      XL: |  1 |
---------------+----+-----
Unarmed Combat | 3 |  3.6
Transmutations | 2 |  2.3
Fighting       | |  1.0
Dodging        | |  1.7
Spellcasting   | |  2.6

Action                   || total
-------------------------++-------
Melee: Unarmed           ||    32
       Headbutt          ||    12
       Whip              ||    75
       Punch             ||     1
 Cast: Beastly Appendage ||    14
       Sticks to Snakes  ||     2
       Spider Form       ||     1
 Stab: Sleeping          ||     1
  Eat: Ration            ||     1
Armor: Robe              ||    34
       Skin              ||     3
Dodge: Dodged            ||    96

Table legend:
 A = Non-vault XP
 B = Vault XP
 C = Vault XP percentage of total XP
 D = Non-vault monster count
 E = Vault monster count
 F = Vault count percentage of total count
                 A         B        C        D         E       F
            +---------+---------+-------+---------+---------+-------
      Total |      88 |       0 |   0.0 |      29 |       0 |   0.0
            +---------+---------+-------+---------+---------+-------
        D:1 |      55 |       0 |   0.0 |      19 |       0 |   0.0
        D:2 |      33 |       0 |   0.0 |      10 |       0 |   0.0
            +---------+---------+-------+---------+---------+-------
